 Dungeon Crawl Stone Soup version 0.26-a0-1139-g7d2dc893a1 (webtiles) character file.

Game seed: 210664442513530597

36 snetch the Chopper (level 3, 0/32 (33) HPs)
             Began as a Minotaur Berserker on Dec 21, 2020.
             Was a Believer of Trog.
             Slain by an orc wizard
             ... wielding a +2 dagger of draining
              (2 damage)
             ... on level 2 of the Dungeon.
             The game lasted 00:02:40 (1225 turns).

snetch the Chopper (Minotaur Berserker)             Turns: 1225, Time: 00:02:43

HP:   0/32 (33)     AC:  5    Str: 28    XL:     3   Next: 19%
MP:   2/2           EV: 12    Int:  4    God:    Trog [**....]
Gold: 65            SH:  0    Dex:  9    Spells: 2/2 levels left

rFire    . . .     SeeInvis .   a - +0 hand axe
rCold    . . .     Faith    .   (no shield)
rNeg     . . .     Spirit   .   i - +0 ring mail
rPois    .         Reflect  .   (helmet restricted)
rElec    .         Harm     .   (no cloak)
rCorr    .         Rampage  .   (no gloves)
Will     .....                  (no boots)
Stlth    ..........             (no amulet)
HPRegen  0.10/turn              j - +6 ring of strength
MPRegen  0.08/turn              (no ring)

@: lightly drained
A: retaliatory headbutt, horns 2
a: Renounce Religion, Berserk, Trog's Hand


You were on level 2 of the Dungeon.
You worshipped Trog.
Trog was pleased with you.
You visited 1 branch of the dungeon, and saw 3 of its levels.

You collected 65 gold pieces.

Inventory:

Hand Weapons
 a - a +0 hand axe (weapon)
 d - a +0 spear
Missiles
 e - 95 stones
 f - 26 arrows
 m - 6 boomerangs
 o - 17 bolts
Armour
 i - a +0 ring mail (worn)
Jewellery
 j - a +6 ring of strength (left hand)
Scrolls
 c - 2 scrolls of remove curse {unknown}
 g - a scroll of amnesia {unknown}
 h - 2 scrolls of fog {unknown}
 l - a scroll of noise {unknown}
 n - a scroll of enchant weapon {unknown}
Potions
 b - a potion of lignification {unknown}
 k - a potion of heal wounds {unknown}
 p - a potion of ambrosia {unknown}
 q - a potion of berserk rage {unknown}


   Skills:
 + Level 4.2 Fighting
 + Level 4.2 Axes
 + Level 2.9 Armour
 + Level 2.5 Dodging


You had 2 spell levels left.
You didn't know any spells.
Your spell library was empty.

Dungeon Overview and Level Annotations

Branches:
Dungeon (3/15)

Altars:


Innate Abilities, Weirdness & Mutations

You reflexively headbutt those who attack you in melee.
You have a pair of horns on your head.


Message History

An orc comes into view. It is wielding a +0 dagger.
An orc comes into view.
The orc shouts!
The orc shouts!
An orc warrior comes into view. It is wielding a +1 vampiric trident.
The orc wizard hits you but does no damage.
You feel drained.
You barely miss the orc wizard. Your headbutt misses the orc wizard.
The orc warrior misses you.
An orc comes into view. It is wielding a +0 dagger.
The orc wizard casts a spell at you. The magic dart hits you!
The orc shouts!
You hit the orc wizard.
The orc wizard is lightly wounded.
The orc warrior hits you from afar with a +1 vampiric trident!!
Ouch! That really hurt!
* * * LOW HITPOINT WARNING * * *
The orc wizard hits you with a +2 dagger of draining.
You die...

...).# ###..#
.....#### ###
........# ...
........+ .o.
†.......# #o#
.......#### #o#
#.....##...### #o#
##...........# #@#
###.#.#.#.##.# #.#
###.......##.# #.#
##..#.#.#.##.# #.#
..........##.# #.#
##..#.#.#..#.###.#
.................#
.#...###.....#####
.##.## #######


You could see an orc warrior, an orc wizard and 2 orcs.

Vanquished Creatures
  An adder (D:2)
  A worm (D:2)
  A ball python (D:2)
  A goblin (D:3)
  2 hobgoblins (D:1)
  8 kobolds
  5 bats
  9 rats
28 creatures vanquished.

Notes
Turn   | Place    | Note
-------+----------+-------------------------------------------
     0 | D:1      | snetch the Minotaur Berserker began the quest for the Orb.
     0 | D:1      | Reached XP level 1. HP: 19/19 MP: 0/0
   349 | D:1      | Reached XP level 2. HP: 27/27 MP: 1/1
   879 | D:2      | Reached ** piety under Trog
   968 | D:2      | Reached XP level 3. HP: 33/33 MP: 2/2
  1221 | D:2      | Noticed an orc warrior
  1225 | D:2      | Slain by an orc wizard

Illustrated notes

Levels and vault maps discovered:
D:1:      dpeg_arrival_windows_large_door, layout_loops_ring
D:2:      layout_loops_corners, serial_co_window_serial, co_window_paths_b,
          co_window_of_opportunity_a, co_window_corner_a, co_window_corner_a,
          co_window_paths_b, co_window_corner_a, co_window_paths_a,
          co_window_corner_b, co_window_broadway_b, co_window_corner_b,
          co_window_2corner, co_window_2corner, co_window_unsneaky_path_c,
          glass_columns_b, glass_columns_c, glass_columns_a, uniq_sigmund
D:3:      layout_basic, nicolae_ru_great_annihilating_truth, lemuel_round_altar,
          chequers_temple_overflow_statue_of_worship, fedhas_ov_isle_minmay

Skill      XL: |  1  2 |
---------------+-------+-----
Fighting       | 4 |  4.2
Axes           | 4 |  4.2
Armour         | |  2.9
Dodging        | |  2.5

Action                   || total
-------------------------++-------
Melee: Hand axe          ||    46
       Headbutt          ||     7
Armor: Leather armour    ||    14
       Ring mail         ||    10
Dodge: Dodged            ||    39

Table legend: (Time is in decaauts)
 A = Elapsed time spent in this place.
 B = Non-inter-level travel time spent in this place.
 C = Inter-level travel time spent in this place.
 D = Time resting spent in this place.
 E = Time spent auto-exploring this place.
 F = Levels seen in this place.
 G = Mean time per level.
                   A        B        C        D        E       F      G
               +--------+--------+--------+--------+--------+-----+--------+
         Total |   1232 |   1132 |    100 |      0 |    739 |   3 |  410.7 |
       Dungeon |   1232 |   1132 |    100 |      0 |    739 |   3 |  410.7 |
               +--------+--------+--------+--------+--------+-----+--------+

Top non-repeatable levels by time:
     D:1: 843 daAuts
     D:2: 372 daAuts
     D:3: 17 daAuts
